 Dungeon Crawl Stone Soup version 0.28-a0-991-g956f0ee3d5 (webtiles) character file.

Game seed: 15082538419518031591

70 Majang the Chopper (level 4, -2/38 HPs)
             Began as a Ghoul Gladiator on Dec 5, 2021.
             Slain by Sigmund (9 damage)
             ... on level 2 of the Dungeon.
             The game lasted 00:03:35 (1262 turns).

Majang the Chopper (Ghoul Gladiator)                Turns: 1262, Time: 00:03:35

Health: -2/38      AC:  6    Str: 25    XL:     4   Next: 22%
Magic:  3/3        EV: 11    Int:  3    God:
Gold:   55         SH:  0    Dex: 10    Spells: 3/3 levels left

rFire   . . .      SeeInvis .   a - +0 war axe
rCold   + . .      Faith    .   (no shield)
rNeg    + + +      Spirit   .   f - +0 ring mail
rPois   ∞          Reflect  .   c - +0 helmet
rElec   .          Harm     .   (no cloak)
rCorr   .          Rampage  .   (no gloves)
Will    .....                   (no boots)
Stlth   ..........              (no amulet)
HPRegen 0.00/turn               g - +6 ring of strength
MPRegen 0.08/turn               (no ring)

@: flying, inhibited regen
A: claws 1, cold resistance 1, negative energy resistance 3, inhibited
regeneration, torment resistance 2
a: no special abilities


You were on level 2 of the Dungeon.
You visited 1 branch of the dungeon, and saw 2 of its levels.

You collected 55 gold pieces.

Inventory:

Hand Weapons
 a - a +0 war axe (weapon)
Missiles
 d - 3 throwing nets (quivered)
Armour
 b - a +0 leather armour
 c - a +0 helmet (worn)
 f - a +0 ring mail (worn)
Jewellery
 g - a +6 ring of strength (left claw)
Scrolls
 e - 5 scrolls of teleportation {unknown}
 i - a scroll of identify {unknown}
 k - a scroll of fog {unknown}
Potions
 j - a potion of attraction {unknown}


   Skills:
 + Level 3.2 Fighting
 * Level 4.0 Axes
 - Level 1.7 Throwing
 - Level 2.6 Dodging


You had 3 spell levels left.
You didn't know any spells.
Your spell library was empty.

Dungeon Overview and Level Annotations

Branches:
Dungeon (2/15)

Altars:

Annotations:
D:2 Sigmund


Innate Abilities, Weirdness & Mutations

You thrive by killing the living.
You are immune to poison.
You have sharp fingernails.
Your flesh is cold resistant. (rC+)
You are immune to negative energy. (rN+++)
You do not regenerate when monsters are visible.
You are immune to unholy pain and torment.


Message History

You feel better.
You see here a jackal corpse.
Found a stone staircase leading down.
Sigmund the Dreaded comes into view.
He is wielding a +0 scythe.
Sigmund shouts!
Sigmund moves out of view.
Found 13 gold pieces.
Sigmund mumbles some strange words.
Sigmund flickers and vanishes!
Deactivating autopickup; reactivate with Ctrl-A.
You are confused.
You hear some strange, mumbled words.
You are more confused.
Something tries to affect you, but you resist.
There is an open door here.
You are too confused!
You are too confused!
You are too confused!
Something hits you but does no damage.
You hear some strange, mumbled words.
Something tries to affect you, but you resist.
There is an open door here.
Something completely misses you.
You feel less confused. Something hits you. Something hits you!
You miss something. Something hits you.
You hit something. You barely miss something. Something hits you.
You slash something!
You hear some strange, mumbled words.
Something tries to affect you, but you resist.
Something hits you.
You slash something! You barely miss something. Something hits you.
* * * LOW HITPOINT WARNING * * *
It was a potion of flight.
You feel very buoyant.
You fly up into the air.
Something hits you!
You die...

........##.#####'#..........#
........##..# #.#........[.#
........#...####'#..........#
........#..........##########
........#..........#############
........#..........#...........#
.###########.###+###...........#
.# #.# #.# #...........# .#
#†###@# #...........# ##
##..##{###...........#
#.....†..............#
#..........†.........#
#....................# ######
#....................# #....#
#...........########## #....#
#...........# #....#
#...........#


There were no monsters in sight!

Vanquished Creatures
  2 adders (D:2)
  A dart slug (D:2)
  4 bats
  3 endoplasms
  5 giant cockroaches
  3 goblins
  3 hobgoblins
  5 jackals
  2 kobolds (D:1)
  4 quokkas
  7 ball pythons
  2 frilled lizards
  3 rats
44 creatures vanquished.

Notes
Turn   | Place    | Note
-------+----------+-------------------------------------------
     0 | D:1      | Majang the Ghoul Gladiator began the quest for the Orb.
     0 | D:1      | Reached XP level 1. HP: 17/17 MP: 0/0
    92 | D:1      | Reached skill level 3 in Axes
   150 | D:1      | Reached XP level 2. HP: 20/25 MP: 1/1
   399 | D:1      | Reached XP level 3. HP: 23/30 MP: 2/2
   968 | D:2      | Reached skill level 4 in Axes
   968 | D:2      | Reached XP level 4. HP: 34/38 MP: 3/3
  1116 | D:2      | Found a faded altar of an unknown god.
  1227 | D:2      | Noticed Sigmund
  1262 | D:2      | Slain by Sigmund

Illustrated notes

Levels and vault maps discovered:
D:1:      heliophobic_arrival_ceremonial_halls, layout_loops_ring,
          serial_park_tiny_pond
D:2:      layout_basic, dreamdust_ecumenical_altar_hidden_monk_grotto,
          minmay_heptomino_o4, uniq_sigmund

Skill      XL: |  1  2  3 |
---------------+----------+-----
Axes           | 3 4 |  4.0
Fighting       | 3 |  3.2
Throwing       | |  1.7
Dodging        | |  2.6

Action                   |  1- 3 |  4- 6 || total
-------------------------+-------+-------++-------
Melee: War axe           |    99 |    29 ||   128
  Use: Potion            |       |     1 ||     1
Armor: Leather armour    |     4 |       ||     4
       Ring mail         |    45 |    11 ||    56
Dodge: Dodged            |    84 |    21 ||   105

Table legend: (Time is in decaauts)
 A = Elapsed time spent in this place.
 B = Non-inter-level travel time spent in this place.
 C = Inter-level travel time spent in this place.
 D = Time resting spent in this place.
 E = Time spent auto-exploring this place.
 F = Levels seen in this place.
 G = Mean time per level.
                   A        B        C        D        E       F      G
               +--------+--------+--------+--------+--------+-----+--------+
         Total |   1302 |   1269 |     33 |      0 |    897 |   2 |  651.0 |
       Dungeon |   1302 |   1269 |     33 |      0 |    897 |   2 |  651.0 |
               +--------+--------+--------+--------+--------+-----+--------+

Top non-repeatable levels by time:
     D:1: 803 daAuts
     D:2: 499 daAuts
